 Dungeon Crawl Stone Soup version 0.23-a0-641-g0a7f1ce553 (webtiles) character file.

23933 HereIgoKillingAgain the Severer (level 13, -7/118 HPs)
             Began as a Hill Orc Fighter on Dec 30, 2018.
             Was the Champion of Makhleb.
             Mangled by Urug
             ... wielding a +1 vampiric halberd
              (25 damage)
             ... on level 1 of the Lair of Beasts.
             The game lasted 00:21:06 (15094 turns).

HereIgoKillingAgain the Severer (Hill Orc Fighter) Turns: 15094, Time: 00:21:07

Health: -7/118     AC: 13    Str: 17    XL:     13   Next: 9%
Magic:  22/22      EV:  7    Int: 12    God:    Makhleb [******]
Gold:   1070       SH:  3    Dex: 10    Spells: 12/12 levels left

rFire    + + .     SeeInvis .   b - +3 war axe "Wasaimis" {freeze, +Inv rElec MR++ Str-3}
rCold    + + .     Gourm    .   (no shield)
rNeg     . . .     Faith    .   u - +0 chain mail {rF+}
rPois    .         Spirit   .   (no helmet)
rElec    +         Reflect  +   o - scarf {rC+ rF+}
rCorr    +         Harm     .   (no gloves)
MR       ++...                  v - +2 pair of boots
Stlth    ..........             j - +3 amulet of reflection
HPRegen  0.29/turn              m - ring of protection from cold
MPRegen  0.18/turn              C - ring of resist corrosion (curse)

@: drained
A: no striking features
a: Minor Destruction, Lesser Servant of Makhleb, Major Destruction, Greater
Servant of Makhleb, Renounce Religion, Evoke Invisibility


You were on level 1 of the Lair of Beasts.
You worshipped Makhleb.
Makhleb was exalted by your worship.
You were not hungry.

You visited 2 branches of the dungeon, and saw 14 of its levels.
You also visited: Sewer and Ossuary.

You collected 1070 gold pieces.

Inventory:

Hand Weapons
 a - a +3 war axe of flaming
 b - the +3 war axe "Wasaimis" (weapon) {freeze, +Inv rElec MR++ Str-3}
   (You found it on level 12 of the Dungeon)

   It has been specially enchanted to freeze those struck by it, causing extra
   injury to most foes and up to half again as much damage against particularly
   susceptible opponents.
   It can also slow down cold-blooded creatures.
   It affects your strength (-3).
   It insulates you from electricity.
   It affects your resistance to hostile enchantments.
   It lets you turn invisible.
Armour
 o - a scarf of resistance (worn)
 u - a +0 chain mail of fire resistance (worn)
 v - a +2 pair of boots (worn)
Jewellery
 d - a +4 ring of dexterity
 j - a +3 amulet of reflection (around neck)
 m - a ring of protection from cold (left hand)
 C - a cursed ring of resist corrosion (right hand)
 G - a +2 ring of strength
Wands
 i - a wand of clouds (1)
 x - a wand of flame (22)
 y - a wand of digging (4)
 z - a wand of disintegration (4)
 E - a wand of random effects (21)
Scrolls
 h - 6 scrolls of remove curse
 n - 2 scrolls of teleportation
 q - a scroll of identify
 w - 2 scrolls of immolation
 D - 2 scrolls of magic mapping
 F - a scroll of fog
 H - a scroll of blinking
Potions
 c - a potion of agility
 e - 9 potions of flight
 g - 2 potions of haste
 k - 12 potions of curing
 l - a potion of mutation
 r - 4 potions of lignification
 s - 4 potions of brilliance
 t - 2 potions of invisibility
 A - a potion of berserk rage {unknown}
 B - a potion of magic
Comestibles
 f - 17 rations


   Skills:
 + Level 12.0(11.8) Fighting
 - Level 17.4(17.3) Axes
 + Level 5.3(5.2) Armour
   Level 3.2(3.1) Shields
 * Level 13.2(13.0) Invocations
 - Level 7.0(6.8) Evocations


You had 12 spell levels left.
You didn't know any spells.
Your spell library was empty.

Dungeon Overview and Level Annotations

Branches:
Dungeon (13/15)            Temple (0/1) D:7            Lair (1/6) D:9
    Orc (0/2) D:11
 Vaults: D:13-14

Altars:
Ashenzari
Fedhas
Makhleb
Nemelex Xobeh
Okawaru
Ru
Uskayaw
Zin

Shops:
D:6 =   D:8 =   D:12 (

Annotations:
Lair:1 Urug


Message History

Unknown command.
Evoke which item? (* to show all) (? for menu, Esc to quit)
Okay, then.
You feel much better.
Your blizzard demon hits Urug! x2
Evoke which item? (* to show all) (? for menu, Esc to quit)
Aiming: Disintegrate
Press: ? - help, Shift-Dir - straight line, f - Urug
Aim: Urug, wielding a +1 vampiric halberd, wearing a +0 chain mail and carrying Urug struggles to resist.
Urug hits you with a +1 vampiric halberd!
* * * LOW HITPOINT WARNING * * *
Urug draws strength from your wounds!
Your blizzard demon hits Urug.
Your blizzard demon hits Urug!
Evoke which item? (* to show all) (? for menu, Esc to quit)
Aiming: Disintegrate
Press: ? - help, Shift-Dir - straight line, f/p - Urug
Aim: Urug, wielding a +1 vampiric halberd, wearing a +0 chain mail and carrying Urug is blasted.
Urug hits you with a +1 vampiric halberd!!
You die...

........##......#................
........#........................
.... .........................
...?⌠.#..PP.....#..##.##.
#.....#(###.#...........#
.#....(#...+...#........
#.....#(...#...........#
...+#..#...##...#.......# ..
#...@.......#.......#
##..o...#... .......# #...2.##
..#.......# ####### .#..#####.
.......... .......... #######.##
####


You could see Urug and a friendly blizzard demon.

Vanquished Creatures
  A vault guard (D:12)
  A hydra (D:8)
  A centaur warrior (D:13)
  3 two-headed ogres
  Nergalle (Lair:1)
  2 unseen horrors
  Pikel (D:5)
  A deep elf mage (D:13)
  A manticore (D:11)
  2 cyclopes
  Maurice (D:8)
  The ghost of P0WERM0DE the Chopper, a novice DDFi of Makhleb (D:6)
  Joseph (D:8)
  A spiny frog (Lair:1)
  A yaktaur (D:8)
  3 trolls
  6 hippogriffs
  Prince Ribbit (D:6)
  A shadow (D:11)
  3 wraiths
  3 wyverns
  A vampire (D:9)
  Grum (D:8)
  2 humans (D:7)
  3 hungry ghosts
  A vampire mosquito (D:8)
  An acid dragon (D:12)
  A soldier ant (D:10)
  Duvessa (D:5)
  A water moccasin (D:11)
  A porcupine (Lair:1)
  11 orc warriors
  2 ice beasts
  A slave (D:5)
  A black bear (D:9)
  3 phantoms
  A sky beast (D:10)
  An eye of draining (D:13)
  3 necrophages
  7 ogres
  4 wolves (D:8)
  17 centaurs
  Blork the orc (D:5)
  An elf zombie (Ossuary)
  10 bullfrogs
  4 big kobolds
  Dowan (D:5)
  A wyvern zombie (D:12)
  A wyvern skeleton (D:10)
  3 scorpions
  6 killer bees (D:10)
  5 wights (D:11)
  A howler monkey (D:8)
  3 electric eels (D:9)
  12 crimson imps
  3 quasits (D:6)
  A bullfrog zombie (D:9)
  A human zombie (Ossuary)
  2 centaur zombies
  15 hounds
  13 orc wizards
  7 jellies
  11 orc priests
  5 bullfrog skeletons
  6 centaur skeletons
  2 iguanas
  8 worker ants
  A killer bee zombie (D:8)
  A big kobold zombie (Ossuary)
  2 hound zombies
  A howler monkey zombie (D:7)
  2 mummies (Ossuary)
  2 worker ant zombies
  4 gnolls (D:2)
  A howler monkey skeleton (D:8)
  10 adders
  3 river rats
  3 shadow imps
  An ooze (D:1)
  An adder skeleton (D:6)
  4 adder zombies
  3 worms
  3 dart slugs
  10 leopard geckos
  48 orcs
  A ball python (D:3)
  5 giant cockroaches
  8 goblins
  4 hobgoblins
  13 jackals
  6 quokkas
  6 bats
  5 frilled lizards
  2 goblin zombies (Ossuary)
  7 hobgoblin zombies (Ossuary)
  A jackal skeleton (D:7)
  22 kobolds
  15 kobold zombies (Ossuary)
  7 orc zombies (Ossuary)
  3 quokka skeletons
  14 rats
  A rat zombie (Ossuary)
443 creatures vanquished.

Notes
Turn   | Place    | Note
-------+----------+-------------------------------------------
     0 | D:1      | HereIgoKillingAgain the Hill Orc Fighter began the quest
                  | for the Orb.
     0 | D:1      | Reached XP level 1. HP: 19/19 MP: 1/1
    12 | D:1      | Reached skill level 3 in Axes
   123 | D:1      | Reached XP level 2. HP: 26/26 MP: 2/2
   295 | D:1      | Reached skill level 4 in Axes
   454 | D:1      | Reached XP level 3. HP: 28/31 MP: 3/3
   912 | D:2      | Reached skill level 5 in Axes
  1082 | D:2      | Reached XP level 4. HP: 31/39 MP: 4/4
  1198 | D:2      | Reached skill level 6 in Axes
  1399 | D:2      | Reached XP level 5. HP: 18/45 MP: 5/5
  1819 | D:3      | You fall through a shaft for 2 floors!
  1819 | D:5      | Entered Level 5 of the Dungeon
  1835 | D:5      | Noticed Blork the orc
  1842 | D:5      | Killed Blork the orc
  1842 | D:5      | Reached skill level 7 in Axes
  2129 | D:5      | Reached skill level 8 in Axes
  2129 | D:5      | Reached XP level 6. HP: 36/51 MP: 6/6
  2319 | D:3      | Found a glowing drain.
  2328 | Sewer    | Entered a sewer
  2668 | Sewer    | Reached skill level 9 in Axes
  2796 | Sewer    | Found a white marble altar of Elyvilon.
  3077 | D:3      | Found a sacrificial altar of Ru.
  3359 | D:3      | Found a burning altar of Makhleb.
  3369 | D:3      | Became a worshipper of Makhleb the Destroyer
  3512 | D:3      | Found a shattered altar of Ashenzari.
  3621 | D:4      | Reached XP level 7. HP: 54/58 MP: 7/7
  3677 | D:4      | Reached skill level 1 in Invocations
  3836 | D:4      | Reached skill level 1 in Evocations
  3893 | D:4      | Reached skill level 10 in Axes
  4177 | D:5      | Noticed Duvessa
  4177 | D:5      | Noticed Dowan
  4199 | D:5      | Killed Duvessa
  4215 | D:5      | Killed Dowan
  4215 | D:5      | Reached XP level 8. HP: 42/67 MP: 10/10
  4240 | D:5      | Noticed Pikel
  4265 | D:5      | Killed Pikel
  4265 | D:5      | Reached skill level 5 in Fighting
  4265 | D:5      | Reached skill level 11 in Axes
  4506 | D:5      | Reached * piety under Makhleb
  4837 | D:6      | Noticed Prince Ribbit
  4891 | D:6      | Reached XP level 9. HP: 37/75 MP: 12/12
  4892 | D:6      | Reached skill level 5 in Invocations
  4905 | D:6      | Killed Prince Ribbit
  4919 | D:6      | Reached skill level 12 in Axes
  5111 | D:6      | Found Inla's Jewellery Boutique.
  5133 | D:6      | Found a sand-covered staircase.
  5138 | Ossuary  | Entered an ossuary
  5196 | Ossuary  | Reached ** piety under Makhleb
  5656 | D:6      | Found a transporter.
  5673 | D:6      | Found a transporter.
  5677 | D:6      | Noticed P0WERM0DE's ghost (novice DDFi)
  5758 | D:6      | Killed P0WERM0DE's ghost
  5762 | D:6      | Got a faintly glowing ring mail
  5773 | D:6      | Identified the cursed +1 ring mail of the Ecumenical Temple
                  | {Int+3} (You found it on level 6 of the Dungeon)
  5941 | D:7      | Reached *** piety under Makhleb
  5963 | D:7      | Found an iron altar of Okawaru.
  6006 | D:7      | Reached skill level 13 in Axes
  6006 | D:7      | Reached skill level 5 in Evocations
  6146 | D:7      | Found a staircase to the Ecumenical Temple.
  6156 | D:7      | Reached XP level 10. HP: 56/86 MP: 15/15
  6936 | D:8      | Noticed an eight-headed hydra
  6957 | D:8      | Killed an eight-headed hydra
  7044 | D:8      | Got a distressingly furry chain mail
  7055 | D:8      | Identified the cursed +0 chain mail of Fashionability {rF-
                  | Str-2 Dex+9 SInv} (You found it on level 8 of the Dungeon)
  7136 | D:8      | Found a glowing silver altar of Zin.
  7136 | D:8      | Found a sparkling altar of Nemelex Xobeh.
  7138 | D:8      | Found a hide-covered altar of Uskayaw.
  7154 | D:8      | Reached skill level 14 in Axes
  7328 | D:8      | Noticed Grum
  7672 | D:8      | Noticed Joseph
  7694 | D:8      | Killed Joseph
  7781 | D:8      | Found Ciela's Jewellery Shop.
  7810 | D:8      | Reached **** piety under Makhleb
  7816 | D:8      | Noticed Maurice
  7818 | D:8      | Paralysed by Maurice for 2 turns
  7828 | D:8      | Paralysed by something for 6 turns
  7836 | D:8      | Killed Maurice
  7916 | D:8      | Killed Grum
  7916 | D:8      | Reached XP level 11. HP: 67/95 MP: 17/17
  8941 | D:9      | Reached skill level 15 in Axes
  9761 | D:9      | Reached ***** piety under Makhleb
  9925 | D:9      | Found a staircase to the Lair.
  9972 | D:9      | Found a blossoming altar of Fedhas.
 10169 | D:10     | Entered Level 10 of the Dungeon
 10492 | D:10     | Noticed a two-headed ogre
 10509 | D:10     | Killed a two-headed ogre
 10811 | D:10     | Killed an unseen horror
 10811 | D:10     | Reached skill level 10 in Invocations
 11028 | D:10     | Reached skill level 10 in Fighting
 11030 | D:10     | Reached skill level 16 in Axes
 11245 | D:10     | Noticed a cyclops
 11251 | D:10     | Killed a cyclops
 11251 | D:10     | Reached XP level 12. HP: 79/107 MP: 19/19
 11640 | D:11     | Noticed a two-headed ogre
 11653 | D:11     | Killed a two-headed ogre
 12030 | D:11     | Reached ****** piety under Makhleb
 12030 | D:11     | Reached skill level 17 in Axes
 12411 | D:11     | Found a staircase to the Orcish Mines.
 13080 | D:12     | Got a faintly glowing war axe
 13081 | D:12     | Identified the cursed +3 war axe "Wasaimis" {freeze, +Inv
                  | rElec MR++ Str-3} (You found it on level 12 of the Dungeon)
 13307 | D:12     | Found Codoboufa's Weapon Boutique.
 13834 | D:12     | Noticed a two-headed ogre
 13843 | D:12     | Killed a two-headed ogre
 14150 | D:13     | Noticed a centaur warrior
 14155 | D:13     | Killed a centaur warrior
 14178 | D:13     | Noticed a vault guard
 14189 | D:13     | Noticed a vault guard
 14213 | D:12     | Killed a vault guard
 14213 | D:12     | Reached skill level 5 in Armour
 14213 | D:12     | Reached XP level 13. HP: 53/116 MP: 3/22
 14437 | Lair:1   | Entered Level 1 of the Lair of Beasts
 14579 | Lair:1   | Noticed Nergalle
 14588 | Lair:1   | Killed Nergalle
 15078 | Lair:1   | Noticed Urug
 15094 | Lair:1   | Mangled by Urug

Vault maps used:
D:1:      minmay_arrival_stone_box
D:2:      first_ration
D:3:      marbit_many_paths, nicolae_overflow_crystal_walls,
          portal_sewer_entry_a, nicolae_ru_great_annihilating_truth
D:4:      serial_rivers, chequers_serial_rivers_micro_e,
          chequers_serial_rivers_large_b, chequers_serial_rivers_small_a,
          chequers_serial_rivers_micro_a
D:5:      uniq_duvessa, uniq_blork_the_orc, uniq_pikel
D:6:      gammafunk_ghost_stat_death, serial_shops, shop, enter_ossuary_2,
          minmay_misc_feat_pillars, uniq_prince_ribbit1
D:7:      okawaru_humans, minmay_temple_entry_junction, grunt_ogre_cave
D:8:      chequers_temple_overflow_statue_of_worship, serial_shops, shop_statue,
          minmay_evil_grid, uniq_maurice, uniq_joseph, uniq_grum
D:9:      erik_lair_island, fedhas_bush_and_centaur_altar
D:10:     minmay_quarter_circles
D:11:     david_orc_4
D:12:     serial_shops, nicolae_shop_temple_entry_statues_fountains
D:13:     erik_vaults_2
Lair:1:   serial_bayou_ford_a, grunt_megastairs_1, lemuel_fruit_fields,
          infiniplex_staircase_pool, uniq_nergalle, uniq_urug
Sewer:    sewer_kobolds
Ossuary:  ossuary_tomb_1

Skill      XL: |  1  2  3  4  5  6  7  8  9 10 11 12 13 |
---------------+----------------------------------------+-----
Axes           | 3 4 5 6 8 9 10 11 13 14 16 17 | 17.4
Invocations    | 3 4 6 8 10 12 13 | 13.2
Evocations     | 2 3 5 6 7 |  7.0
Fighting       | 4 5 7 8 10 11 12 | 12.0
Armour         | 5 |  5.3
Shields        | |  3.2

Action                   |  1- 3 |  4- 6 |  7- 9 | 10-12 | 13-15 || total
-------------------------+-------+-------+-------+-------+-------++-------
Melee: War axe           |    87 |       |       |   648 |    35 ||   770
       Hand axe          |    33 |   160 |   467 |    81 |       ||   741
Invok: Greater Servant o |       |       |       |       |     1 ||     1
Evoke: Wand              |       |       |     7 |    23 |     3 ||    33
  Use: Scroll            |     1 |     4 |    10 |    21 |       ||    36
       Potion            |       |       |     6 |     2 |     2 ||    10
 Stab: Paralysed         |       |     1 |       |     4 |       ||     5
  Eat: Ration            |       |     1 |     1 |     8 |     1 ||    11
       Chunk             |       |     5 |     6 |     8 |       ||    19
Armor: Scale mail        |    54 |    58 |   143 |       |       ||   255
       Ring mail         |       |       |    22 |   163 |       ||   185
       Chain mail        |       |       |       |   127 |    12 ||   139
Dodge: Dodged            |    56 |    70 |   167 |   241 |     9 ||   543
Block: Shield            |    32 |       |       |       |       ||    32
       Other             |       |       |       |    54 |     4 ||    58
       Reflection        |       |       |       |     2 |       ||     2

Table legend:
 A = Non-vault XP
 B = Vault XP
 C = Vault XP percentage of total XP
 D = Non-vault monster count
 E = Vault monster count
 F = Vault count percentage of total count
                 A         B        C        D         E       F
            +---------+---------+-------+---------+---------+-------
      Total |   20084 |   14106 |  41.3 |     306 |     136 |  30.8
            +---------+---------+-------+---------+---------+-------
        D:1 |      55 |       0 |   0.0 |      29 |       0 |   0.0
        D:2 |     119 |       0 |   0.0 |      29 |       0 |   0.0
        D:3 |      49 |      51 |  51.0 |      12 |       9 |  42.9
        D:4 |     485 |       0 |   0.0 |      19 |       0 |   0.0
        D:5 |     289 |     972 |  77.1 |      12 |       4 |  25.0
        D:6 |     654 |     869 |  57.1 |      22 |       5 |  18.5
        D:7 |     815 |     516 |  38.8 |      13 |       3 |  18.8
        D:8 |    1537 |    3474 |  69.3 |      35 |      15 |  30.0
        D:9 |    1402 |     580 |  29.3 |      22 |       6 |  21.4
       D:10 |    2621 |    4257 |  61.9 |      38 |      24 |  38.7
       D:11 |    6381 |     750 |  10.5 |      45 |      17 |  27.4
       D:12 |    3504 |     986 |  22.0 |      23 |       1 |   4.2
       D:13 |    1768 |       0 |   0.0 |       5 |       0 |   0.0
     Lair:1 |     405 |    1249 |  75.5 |       2 |       2 |  50.0
      Sewer |       0 |     125 | 100.0 |       0 |      11 | 100.0
    Ossuary |       0 |     277 | 100.0 |       0 |      39 | 100.0
            +---------+---------+-------+---------+---------+-------
